 Dungeon Crawl Stone Soup version 0.21-a0-529-g8c7b3f5 (webtiles) character file.

23097 GodEmperorLeto the Thaumaturge (level 12, -1/64 HPs)
             Began as a Deep Elf Fire Elementalist on Dec 11, 2017.
             Was a High Priest of Vehumet.
             Killed from afar by a gargoyle (23 damage)
             ... with a stone arrow
             ... in a volcano.
             The game lasted 01:32:37 (11332 turns).

GodEmperorLeto the Thaumaturge (DEFE)              Turns: 11332, Time: 01:32:37

Health: -1/64      AC: 11    Str:  5    XL:     12   Next: 68%
Magic:  33/41      EV: 19    Int: 26    God:    Vehumet [*****.]
Gold:   949        SH:  0    Dex: 15    Spells: 7/40 levels left

rFire    . . .     SeeInvis .   M - +0 falchion (drain)
rCold    . . .     Gourm    .   (no shield)
rNeg     . . .     Faith    .   J - +2 robe {MR+}
rPois    +         Spirit   .   R - +2 helmet
rElec    .         Reflect  .   v - +2 cloak
rCorr    .         Harm     .   z - +0 pair of gloves
MR       ++...                  (no boots)
Stlth    ++........             (no amulet)
HPRegen  0.20/turn              V - ring of poison resistance
MPRegen  0.27/turn              o - ring of magical power

@: no status effects
A: no striking features
a: Renounce Religion


You were in a volcano.
You worshipped Vehumet.
Vehumet was extremely pleased with you.
You were hungry.

You visited 2 branches of the dungeon, and saw 12 of its levels.
You also visited: Sewer, Ice Cave and Volcano.

You collected 949 gold pieces.

Inventory:

Hand Weapons
 e - the +3 dagger of Dyinigar {venom, rC- MR+++ Str+7}
   (You found it on level 5 of the Dungeon)

   It poisons the flesh of those it strikes.
   It affects your strength (+7).
   It makes you vulnerable to cold.
   It affects your resistance to hostile enchantments.
 u - a +0 hunting sling
 M - a +0 falchion of draining (weapon)
 U - a +2 war axe of electrocution
Missiles
 d - 110 sling bullets
 f - 350 stones (quivered)
 l - 36 poisoned needles
 t - 20 tomahawks
 N - 2 needles of frenzy
 Q - a throwing net
 Z - 11 tomahawks of dispersal
Armour
 v - a +2 cloak (worn)
 z - a +0 pair of gloves (worn)
 J - a +2 robe of magic resistance (worn)
 R - a +2 helmet (worn)
Magical Staves
 q - an uncursed staff of wizardry
Jewellery
 h - a +3 ring of evasion
 o - a ring of magical power (right hand)
 H - the ring of Qummaoqi {MR+ SInv Stlth+}
   (You took it off a spriggan on level 3 of the Lair of Beasts)

   [ring of stealth]

   It affects your resistance to hostile enchantments.
   It lets you see invisible.
   It makes you more stealthy.
 S - an uncursed ring of ice
 V - a ring of poison resistance (left hand)
Wands
 a - a wand of paralysis (7)
 s - a wand of polymorph (18)
 y - a wand of digging (41)
 G - a wand of flame (29)
 K - a wand of iceblast (7)
 P - a wand of disintegration (37)
Scrolls
 i - 2 scrolls of blinking
 n - 2 scrolls of enchant armour
 p - 2 scrolls of magic mapping
 x - 3 scrolls of remove curse
 C - a scroll of fear
 Y - a scroll of enchant weapon
Potions
 j - 2 potions of lignification
 m - 2 potions of might
 w - a potion of invisibility
 A - 9 potions of curing
 D - 3 potions of flight
 E - a potion of mutation
 I - 3 potions of heal wounds
 L - 3 potions of agility
 W - 3 potions of resistance
Books
 b - a book of Flames

   Spells                             Type                      Level
   a - Flame Tongue                   Conjuration/Fire             1
   b - Throw Flame                    Conjuration/Fire             2
   c - Conjure Flame                  Conjuration/Fire             3
   d - Inner Flame                    Hexes/Fire                   3
   e - Sticky Flame                   Conjuration/Fire             4
   f - Fireball                       Conjuration/Fire             5
 B - a book of Necromancy

   Spells                             Type                      Level
   a - Pain                           Necromancy                   1
   b - Animate Skeleton               Necromancy                   1
   c - Vampiric Draining              Necromancy                   3
   d - Regeneration                   Charms/Necromancy            3
   e - Animate Dead                   Necromancy                   4
   f - Control Undead                 Necromancy                   4
 X - a Young Poisoner's Handbook

   Spells                             Type                      Level
   a - Sting                          Conjuration/Poison           1
   b - Poisonous Vapours              Poison/Air                   2
   c - Mephitic Cloud                 Conjuration/Poison/Air       3
   d - Olgreb's Toxic Radiance        Poison                       4
   e - Venom Bolt                     Conjuration/Poison           5
Miscellaneous
 O - a phantom mirror
Comestibles
 c - 10 bread rations
 g - 19 fruits
 k - 4 meat rations
 r - 7 royal jellies


   Skills:
 + Level 3.4 Fighting
 + Level 10.6 Dodging
 - Level 2.4 Stealth
 + Level 14.7 Spellcasting
 - Level 11.0 Conjurations
 - Level 8.1 Charms
 - Level 11.4 Fire Magic


You had 7 spell levels left.
You knew the following spells:

 Your Spells              Type           Power        Failure   Level  Hunger
a - Flame Tongue          Conj/Fire      #####        1%          1    None
b - Conjure Flame         Conj/Fire      ######..     1%          3    None
c - Sticky Flame          Conj/Fire      ######..     1%          4    None
d - Fireball              Conj/Fire      ######....   1%          5    #......
e - Throw Flame           Conj/Fire      ######       1%          2    None
f - Magic Dart            Conj           ####         1%          1    None
g - Searing Ray           Conj           ######       1%          2    None
h - Stone Arrow           Conj/Erth      #####.       1%          3    None
i - Iskenderun's Battles  Conj/Chrm      ######..     1%          5    #......
j - Orb of Destruction    Conj           ######....   7%          7    ######.


Dungeon Overview and Level Annotations

Branches:
Dungeon (8/15)             Temple (0/1) D:6            Lair (4/6) D:8
  Swamp (0/4) Lair:4       Spider (0/4) Lair:4

Altars:
Cheibriados
Fedhas
Gozag
Hepliaklqana
Kikubaaqudgha
Okawaru
Sif Muna
Vehumet
Wu Jian
Xom
Zin

Annotations:
D:7 Pikel


Message History

Aim: an alligator skeleton (almost destroyed)
The flame tongue hits the alligator skeleton.
You destroy the alligator skeleton!
Vehumet accepts your kill.
You feel your power returning.
A gargoyle comes into view. It is wielding a mace.
Casting: Flame Tongue
Confirm with . or Enter, or press ? or * to list all spells.
Aiming: Searing Ray
Press: ? - help, Shift-Dir - straight line, f - gargoyle
Aim: a gargoyle, wielding a mace The searing ray hits the gargoyle.
The gargoyle is lightly damaged. (Press . to maintain the ray.)
The searing ray hits the gargoyle.
The gargoyle is lightly damaged.
The air gets thick with the scent of sulphur.
The gargoyle hurls a stone arrow at you.
The stone arrow hits you!
You die...

##### #...# # ##.∩.###
#####
#######......#####...#
.#.##................#
.)≈.###.#..#.#####...#
...)..'......# ######+##
..≈)###.#..#.#####...'...#
.#.##...........@.9..#...#
.######......#####...# ..#
## ##.##.## ##### +# #
#.##.# ###.##.###
#...##...# #...##...#
#...##...+ ##########


You could see a gargoyle.

Vanquished Creatures
  A dire elephant (Lair:3)
  2 hydras
  A swamp dragon (Lair:4)
  14 elephants (Lair:3)
  3 black mambas
  3 gargoyles (Volcano)
  3 spiny frogs
  5 komodo dragons
  The ghost of slep the Chopper, an amateur BaGl (D:4)
  A polar bear (Lair:4)
  Grinder (D:3)
  2 harpy skeletons (Volcano)
  5 blink frogs
  8 hippogriffs
  2 flying skulls (Volcano)
  A spriggan (Lair:3)
  2 alligator skeletons (Volcano)
  2 wyverns
  2 wraiths (D:7)
  8 yaks
  A basilisk (Lair:2)
  Menkaure (D:7)
  3 water moccasins (D:7)
  7 porcupines
  2 black bears
  6 ice beasts
  3 orc warriors
  An ogre (D:6)
  A phantom (D:7)
  5 wolves (Lair:1)
  4 crocodiles (Lair:4)
  4 big kobolds (D:8)
  9 bullfrogs
  4 scorpions
  A spriggan skeleton (Volcano)
  3 troll skeletons (Volcano)
  A howler monkey (D:6)
  5 crimson imps
  An orc priest (D:4)
  A hound (D:5)
  7 human zombies (D:7)
  3 jellies
  7 orc wizards
  Ijyb (D:3)
  A human skeleton (D:7)
  2 worker ants
  A hound zombie (D:7)
  A naga skeleton (Volcano)
  2 mummies (D:7)
  A worker ant zombie (D:6)
  Robin (D:4)
  10 gnolls
  A howler monkey skeleton (D:6)
  12 adders
  A shadow imp (D:5)
  12 white imps (Lair:3)
  12 oozes (Sewer)
  2 adder zombies
  3 worms
  A dart slug (D:1)
  10 leopard geckos
  20 orcs
  10 bats
  11 giant cockroaches
  19 goblins
  11 hobgoblins
  9 jackals
  8 kobolds
  A quokka (D:2)
  9 ball pythons
  19 frilled lizards
  A leopard gecko zombie (D:7)
  6 rats
  2 plants (Lair:3)
347 creatures vanquished.

Vanquished Creatures (others)
  A flying skull (Volcano)
  32 fungi
  6 plants
39 creatures vanquished.

Grand Total: 386 creatures vanquished

Notes
Turn   | Place    | Note
-------+----------+-------------------------------------------
     0 | D:1      | GodEmperorLeto the Deep Elf Fire Elementalist began the quest for the Orb.
     0 | D:1      | Reached XP level 1. HP: 10/10 MP: 6/6
    36 | D:1      | Reached XP level 2. HP: 15/15 MP: 0/8
   325 | D:1      | Reached XP level 3. HP: 18/19 MP: 5/10
   330 | D:1      | Learned a level 3 spell: Conjure Flame
   796 | D:2      | Reached skill level 4 in Spellcasting
   890 | D:2      | Found a glowing silver altar of Zin.
   895 | D:2      | Reached XP level 4. HP: 12/24 MP: 3/12
  1229 | D:2      | Noticed a black bear
  1234 | D:2      | Killed a black bear
  1234 | D:2      | Reached XP level 5. HP: 28/28 MP: 8/14
  1637 | D:2      | Learned a level 4 spell: Sticky Flame
  1643 | D:2      | Learned a level 5 spell: Fireball
  1765 | D:3      | Reached skill level 5 in Spellcasting
  1773 | D:3      | Reached skill level 5 in Conjurations
  1832 | D:3      | Noticed Grinder
  1931 | D:3      | Noticed Ijyb
  1936 | D:3      | Killed Ijyb
  1936 | D:3      | Paralysed by Grinder for 3 turns
  1953 | D:3      | Killed Grinder
  1953 | D:3      | Reached skill level 6 in Spellcasting
  1953 | D:3      | Reached XP level 6. HP: 22/32 MP: 0/17
  1957 | D:3      | Learned a level 2 spell: Throw Flame
  2140 | D:3      | Found a radiant altar of Vehumet.
  2145 | D:3      | Became a worshipper of Vehumet
  2297 | D:3      | Found a shimmering altar of Xom.
  2640 | D:3      | Noticed an ice beast
  2643 | D:3      | Killed an ice beast
  2643 | D:3      | Reached skill level 5 in Fire Magic
  2643 | D:3      | Reached XP level 7. HP: 36/36 MP: 14/18
  2905 | D:4      | Noticed Robin
  2914 | D:4      | Killed Robin
  3078 | D:4      | Noticed slep's ghost (amateur BaGl)
  3163 | D:4      | Killed slep's ghost
  3163 | D:4      | Reached skill level 7 in Spellcasting
  3422 | D:5      | Entered Level 5 of the Dungeon
  3448 | D:5      | Found a deep blue altar of Sif Muna.
  3543 | D:5      | Reached * piety under Vehumet
  3543 | D:5      | Offered knowledge of Magic Dart by Vehumet.
  3547 | D:5      | Learned a level 1 spell: Magic Dart
  3670 | D:5      | Found a blossoming altar of Fedhas.
  3757 | D:5      | Reached XP level 8. HP: 41/41 MP: 21/21
  3837 | D:5      | Got a shimmering dagger
  3838 | D:5      | Identified the cursed +3 dagger of Dyinigar {venom, rC- MR+++ Str+7} (You found it on level 5 of the Dungeon)
  4051 | D:6      | Found a staircase to the Ecumenical Temple.
  4067 | D:6      | Reached skill level 8 in Spellcasting
  4219 | D:6      | Reached skill level 9 in Spellcasting
  4256 | D:6      | Found a glowing drain.
  4257 | D:6      | Reached ** piety under Vehumet
  4257 | D:6      | Offered knowledge of Searing Ray by Vehumet.
  4272 | Sewer    | Entered a sewer
  4276 | Sewer    | Learned a level 2 spell: Searing Ray
  4564 | Sewer    | Offered knowledge of Stone Arrow by Vehumet.
  4578 | Sewer    | Learned a level 3 spell: Stone Arrow
  4725 | Sewer    | Reached *** piety under Vehumet
  4800 | Sewer    | Reached XP level 9. HP: 44/45 MP: 24/24
  4801 | Sewer    | Offered knowledge of Fulminant Prism by Vehumet.
  5244 | D:7      | Noticed Menkaure
  5249 | D:7      | Killed Menkaure
  5456 | D:7      | Reached skill level 10 in Spellcasting
  5560 | D:7      | Found an ancient bone altar of Kikubaaqudgha.
  5645 | D:7      | Found an opulent altar of Gozag.
  5661 | D:7      | Reached **** piety under Vehumet
  5703 | D:7      | Found a snail-covered altar of Cheibriados.
  5852 | D:7      | Noticed Pikel
  6162 | D:7      | Offered knowledge of Iskenderun's Battlesphere by Vehumet.
  6169 | D:7      | Learned a level 5 spell: Iskenderun's Battlesphere
  6169 | D:7      | Found a hazy altar of Hepliaklqana.
  6308 | D:7      | Found an ornate altar of the Wu Jian Council.
  6335 | D:7      | Found an iron altar of Okawaru.
  6432 | D:8      | Reached skill level 11 in Spellcasting
  6432 | D:8      | Reached XP level 10. HP: 22/50 MP: 27/27
  6614 | D:8      | Reached skill level 10 in Conjurations
  6866 | D:8      | Found a staircase to the Lair.
  7023 | Lair:1   | Entered Level 1 of the Lair of Beasts
  7127 | Lair:1   | Noticed a spiny frog
  7133 | Lair:1   | Killed a spiny frog
  7133 | Lair:1   | Reached skill level 5 in Dodging
  7290 | Lair:1   | Reached ***** piety under Vehumet
  7393 | Lair:1   | Noticed a black mamba
  7401 | Lair:1   | Killed a black mamba
  7445 | Lair:1   | Reached skill level 12 in Spellcasting
  7636 | Lair:1   | Offered knowledge of Orb of Destruction by Vehumet.
  7645 | Lair:1   | Learned a level 7 spell: Orb of Destruction
  7701 | Lair:1   | Reached skill level 10 in Fire Magic
  7701 | Lair:1   | Reached XP level 11. HP: 23/54 MP: 21/29
  9113 | Lair:3   | Noticed an eight-headed hydra
  9118 | Lair:3   | Killed an eight-headed hydra
  9153 | Lair:3   | Found a frozen archway.
  9179 | IceCv    | Entered an ice cave
  9189 | IceCv    | Noticed avis's ghost (journeyman DDNe)
  9190 | IceCv    | Reached skill level 13 in Spellcasting
  9635 | Lair:3   | Reached skill level 1 in Charms
  9733 | Lair:3   | Reached skill level 5 in Charms
  9979 | Lair:3   | Noticed a dire elephant
 10019 | Lair:3   | Killed a dire elephant
 10019 | Lair:3   | Reached XP level 12. HP: 39/59 MP: 14/31
 10217 | Lair:3   | Got a scintillating platinum ring
 10542 | Lair:3   | Identified the ring of Qummaoqi {MR+ SInv Stlth+} (You took it off a spriggan on level 3 of the Lair of Beasts)
 10631 | Lair:4   | Reached skill level 14 in Spellcasting
 10632 | Lair:4   | Reached skill level 1 in Fighting
 10667 | Lair:4   | Noticed a six-headed hydra
 10804 | Lair:4   | Found a staircase to the Swamp.
 10824 | Lair:4   | Killed a six-headed hydra
 10824 | Lair:4   | Reached skill level 10 in Dodging
 10836 | Lair:4   | Found a hole to the Spider Nest.
 11085 | Lair:4   | Found a dark tunnel.
 11095 | Volcano  | Entered a volcano
 11332 | Volcano  | Killed from afar by a gargoyle

Vault maps used:
D:1:      minmay_arrival_cross
D:2:      zin_academy
D:3:      lemuel_crystal_altar, overflow_temple_1_default, first_bread,
          patterned_corridor, uniq_ijyb, uniq_grinder
D:4:      uniq_robin
D:5:      lemuel_crystal_altar, lemuel_crystal_altar
D:6:      minmay_temple_entry_overgrown, portal_sewer_entry_d
D:7:      chequers_temple_overflow_statue_of_worship, cheibriados_altar_1,
          grunt_gozag_statues, old_standard_altar,
          lemuel_mausoleum_altar_kikubaaqudgha, uniq_pikel, uniq_menkaure
D:8:      cheibrodos_elevator_heist, lair_entry_dummy, minmay_unpleasant_kobolds
Lair:1:   beast_lair_carwin_5
Lair:3:   mu_elephants_graveyard, portal_ice_cave_entry_imps
Lair:4:   minmay_swamp_entry_reptiles, spider_nest_entry_web_field,
          nicolae_volcano_entry_hallway
Sewer:    sewer_frog_island_02
IceCv:    ice_cave_statue_garden_chambered
Volcano:  volcano_tomb

Skill      XL: |  1  2  3  4  5  6  7  8  9 10 11 12 |
---------------+-------------------------------------+-----
Conjurations   | 2 3 4 5 7 9 11 | 11.0
Spellcasting   | 4 6 7 9 11 12 13 14 | 14.7
Fire Magic     | 4 5 8 9 10 11 | 11.4
Dodging        | 3 6 9 10 | 10.6
Charms         | 6 8 |  8.1
Fighting       | 3 |  3.4
Stealth        | |  2.4

Action                   |  1- 3 |  4- 6 |  7- 9 | 10-12 || total
-------------------------+-------+-------+-------+-------++-------
Melee: Dagger            |       |     5 |     1 |     1 ||     7
       Falchion          |       |       |    12 |       ||    12
 Cast: Flame Tongue      |    63 |    68 |   380 |   227 ||   738
       Conjure Flame     |       |     3 |     1 |     1 ||     5
       Throw Flame       |       |       |    19 |    23 ||    42
       Magic Dart        |       |       |    28 |       ||    28
       Sticky Flame      |       |       |     6 |    74 ||    80
       Stone Arrow       |       |       |     2 |    43 ||    45
       Iskenderun's Batt |       |       |       |     4 ||     4
       Fireball          |       |       |       |    15 ||    15
       Orb of Destructio |       |       |       |     4 ||     4
       Searing Ray       |       |       |       |     3 ||     3
  Use: Scroll            |       |       |    14 |    13 ||    27
       Potion            |       |       |       |     3 ||     3
  Eat: Chunk             |       |     5 |    12 |    16 ||    33
       Fruit             |       |       |       |     1 ||     1
Armor: Robe              |     5 |     4 |    59 |    58 ||   126
Dodge: Dodged            |    19 |    13 |   141 |   215 ||   388
       Rpst.: Falchion   |       |       |    14 |    13 ||    27

Table legend:
 A = Spawn XP
 B = Non-spawn XP
 C = Spawn XP percentage of total XP
 D = Spawn monster count
 E = Non-spawn monster count
 F = Spawn count percentage of total count
 G = Total turns spent on level
                    A         B        C        D         E        F      G
               +---------+---------+-------+---------+---------+-------+---------
         Total |       0 |   32997 |   0.0 |       0 |     345 |   0.0 | 11332
               +---------+---------+-------+---------+---------+-------+---------
           D:1 |       0 |      45 |   0.0 |       0 |      24 |   0.0 |   594
           D:2 |       0 |     217 |   0.0 |       0 |      26 |   0.0 |  1103
           D:3 |       0 |     515 |   0.0 |       0 |      19 |   0.0 |  1116
           D:4 |       0 |     554 |   0.0 |       0 |      25 |   0.0 |   609
           D:5 |       0 |     267 |   0.0 |       0 |      11 |   0.0 |   629
           D:6 |       0 |     885 |   0.0 |       0 |      22 |   0.0 |   741
           D:7 |       0 |    2430 |   0.0 |       0 |      38 |   0.0 |  1069
           D:8 |       0 |    1429 |   0.0 |       0 |      26 |   0.0 |   600
        Lair:1 |       0 |    5014 |   0.0 |       0 |      24 |   0.0 |  1219
        Lair:2 |       0 |    1279 |   0.0 |       0 |       5 |   0.0 |   667
        Lair:3 |       0 |   10977 |   0.0 |       0 |      37 |   0.0 |  1618
        Lair:4 |       0 |    5761 |   0.0 |       0 |      19 |   0.0 |   549
         Sewer |       0 |     377 |   0.0 |       0 |      53 |   0.0 |   562
         IceCv |       0 |     266 |   0.0 |       0 |       2 |   0.0 |    19
       Volcano |       0 |    2981 |   0.0 |       0 |      14 |   0.0 |   237
               +---------+---------+-------+---------+---------+-------+---------
